Map: Backwater LE

Players

chuwanga - Winner!

  • Race: Terran Terran
  • League: Diamond
  • Spawn Location: 11:00

VOD

Have the link to the VOD?

Description

Scv´s

Time

  • Played on: Jan. 18, 2020, 7:45 p.m.
  • Length: 14:03
Show
View Real Time Build Order
Export as new Build Order

chuwanga Terran - Winner!

Build Orders:  

Get SALT Encoding   

  12  0:02  SCV  
  12  0:14  SCV  
  12  0:18  Supply Depot  
  12  0:27  SCV  
  12  0:40  SCV  
  12  0:41  Barracks  
  12  0:47  Refinery  
  12  0:52  SCV  
  12  1:04  SCV  
  12  1:16  SCV  
  12  1:28  Orbital Command  
  12  1:36  Command Center  
  12  1:54  SCV  
  12  2:01  Supply Depot  
  12  2:06  SCV  
  12  2:18  SCV  
  12  2:31  SCV  
  12  2:43  SCV  
  12  2:48  Orbital Command  
  12  2:55  SCV  
  12  2:59  Supply Depot  
  12  3:07  SCV  
  12  3:13  SCV  
  12  3:20  SCV  
  12  3:25  SCV  
  12  3:32  SCV  
  12  3:38  SCV  
  12  3:40  Supply Depot  
  12  3:44  SCV  
  12  3:50  SCV  
  12  3:56  SCV  
  12  4:02  SCV  
  12  4:07  Command Center  
  12  4:08  SCV  
  12  4:14  SCV  
  12  4:19  Supply Depot  
  12  4:20  SCV  
  12  4:26  SCV  
  12  4:33  SCV  
  12  4:38  SCV  
  12  4:45  SCV, Supply Depot  
  12  4:50  SCV  
  12  4:57  SCV  
  12  5:02  SCV  
  12  5:09  SCV, Supply Depot  
  12  5:14  SCV  
  12  5:19  Orbital Command  
  12  5:21  SCV  
  12  5:26  SCV  
  12  5:31  Supply Depot  
  12  5:33  SCV  
  12  5:39  SCV  
  12  5:45  SCV  
  12  5:47  SCV  
  12  5:51  SCV  
  12  5:56  Supply Depot  
  12  5:57  SCV  
  12  5:59  SCV  
  12  6:03  SCV  
  12  6:09  SCV  
  12  6:11  SCV  
  12  6:15  SCV  
  12  6:19  Supply Depot  
  12  6:21  SCV  
  12  6:23  SCV  
  12  6:27  SCV  
  12  6:33  SCV  
  12  6:35  SCV  
  12  6:39  SCV  
  12  6:43  Supply Depot  
  12  6:46  SCV  
  12  6:47  SCV  
  12  6:51  SCV  
  12  6:58  SCV  
  12  6:59  SCV  
  12  7:03  SCV  
  12  7:06  Supply Depot  
  12  7:10  SCV  
  12  7:11  SCV  
  12  7:15  SCV  
  12  7:22  SCV  
  12  7:23  SCV  
  12  7:27  SCV  
  12  7:28  Supply Depot  
  12  7:34  SCV  
  12  7:36  SCV  
  12  7:40  SCV  
  12  7:46  SCV  
  12  7:48  SCV  
  12  7:52  Command Center, SCV  
  12  7:56  Supply Depot  
  12  7:58  SCV  
  12  8:00  SCV  
  12  8:04  SCV  
  12  8:10  SCV  
  12  8:12  SCV  
  12  8:16  SCV  
  12  8:20  Supply Depot  
  12  8:22  SCV  
  12  8:24  SCV  
  12  8:28  SCV  
  12  8:34  SCV  
  12  8:36  SCV  
  12  8:40  SCV  
  12  8:43  Supply Depot  
  12  8:47  SCV  
  12  8:48  SCV  
  12  8:52  SCV  
  12  8:59  SCV  
  12  9:00  SCV  
  12  9:04  SCV  
  12  9:07  Supply Depot  
  12  9:11  Orbital Command  
  12  9:13  SCV x2  
  12  9:16  SCV  
  12  9:20  Command Center x2  
  12  9:25  SCV x2  
  12  9:28  SCV  
  12  9:33  Supply Depot  
  12  9:37  SCV x2  
  12  9:38  SCV  
  12  9:40  SCV  
  12  9:49  SCV  
  12  9:50  SCV  
  12  9:51  SCV  
  12  9:53  SCV  
  12  10:01  SCV, Supply Depot  
  12  10:02  SCV  
  12  10:03  SCV  
  12  10:05  SCV  
  12  10:13  SCV  
  12  10:14  SCV  
  12  10:15  SCV  
  12  10:17  SCV  
  12  10:23  Supply Depot  
  12  10:25  SCV  
  12  10:26  SCV  
  12  10:27  SCV  
  12  10:29  SCV  
  12  10:34  Orbital Command  
  12  10:35  Orbital Command  
  12  10:37  SCV  
  12  10:38  SCV  
  12  10:39  SCV  
  12  10:41  SCV  
  12  10:50  SCV x2  
  12  10:51  SCV  
  12  10:53  SCV, Supply Depot  
  12  10:57  Command Center  
  12  10:58  Command Center  
  12  10:59  SCV  
  12  11:01  SCV  
  12  11:02  SCV x2  
  12  11:03  SCV  
  12  11:05  SCV  
  12  11:12  SCV  
  12  11:13  SCV  
  12  11:14  SCV x2  
  12  11:15  SCV  
  12  11:16  Supply Depot  
  12  11:19  SCV  
  12  11:24  SCV  
  12  11:25  SCV  
  12  11:26  SCV x2  
  12  11:27  SCV  
  12  11:37  SCV x2  
  12  11:38  SCV x2  
  12  11:39  SCV x2  
  12  11:49  SCV x2  
  12  11:50  SCV x2  
  12  11:51  SCV  
  12  12:00  SCV  
  12  12:01  SCV  
  12  12:02  SCV x3  
  12  12:06  Supply Depot  
  12  12:08  SCV  
  12  12:12  SCV  
  12  12:13  SCV  
  12  12:14  SCV  
  12  12:16  SCV x2  
  12  12:20  SCV  
  12  12:24  SCV  
  12  12:28  SCV x4  
  12  12:30  Supply Depot  
  12  12:32  SCV, Orbital Command x2  
  12  12:36  SCV  
  12  12:47  SCV x3  
  12  12:48  Command Center, SCV  
  12  12:49  SCV x2  
  12  12:51  Command Center  
  12  12:54  Supply Depot  
  12  12:55  Command Center  
  12  12:58  SCV x2  
  12  12:59  SCV x3  
  12  13:00  SCV  
  12  13:01  SCV x2  
  12  13:10  SCV x2  
  12  13:11  SCV  
  12  13:18  Supply Depot  
Tags
 
Add a new tag
Caveats
  • Supply blocks, unpowered buildings, or Contaminate may cause inaccurate times.
  • Supply counts are checked every 10 seconds.